 Dungeon Crawl Stone Soup version 0.19.0-2-gae57169 (webtiles) character file.

224 PhynixH2O the Cudgeler (level 6, -4/37 HPs)
             Began as a Gargoyle Berserker on Nov 2, 2016.
             Was a Believer of Trog.
             Killed from afar by Dowan (7 damage)
             ... with a shard of ice
             ... on level 4 of the Dungeon.
             The game lasted 00:09:58 (3221 turns).

PhynixH2O the Cudgeler (Gargoyle Berserker)         Turns: 3221, Time: 00:09:59

Health: -4/37      AC:  7    Str: 20 (21) XL:     6   Next: 0%
Magic:  6/6        EV: 11    Int:  4 (7)  God:    Trog [**....]
Gold:   129        SH:  0    Dex:  9 (11) Spells: 0 memorised, 5 levels left

rFire  x . .     SeeInvis .     m - -2 mace (curse)
rCold  + . .     Gourm    .     d - +0 leather armour
rNeg   + + .     Faith    .     (no shield)
rPois  ∞         Spirit   .     (no helmet)
rElec  +         Reflect  .     (no cloak)
rCorr  .         Harm     .     (no gloves)
MR     .....                    (no boots)
Stlth  +.........               (no amulet)
                                k - ring of ice
                                f - ring of positive energy

@: exhausted, slowed, very slow
A: negative energy resistance 1, electricity resistance, unbreathing,
petrification resistance, rot immunity, AC +4
a: Berserk, Trog's Hand, Burn Spellbooks, Renounce Religion


You were on level 4 of the Dungeon.
You worshipped Trog.
Trog was pleased with you.
You were not hungry.

You visited 1 branch of the dungeon, and saw 4 of its levels.

You collected 129 gold pieces.

Inventory:

Hand Weapons
 a - a +0 mace
 m - a cursed -2 mace (weapon)
Armour
 b - a +0 animal skin
 d - a +0 leather armour (worn)
 j - a +0 shield
 p - a +0 scale mail
Jewellery
 f - a ring of positive energy (left hand)
 k - a ring of ice (right hand)
Wands
 n - a wand of lightning (3/15)
Scrolls
 o - a scroll of remove curse {unknown}
Comestibles
 c - 3 bread rations
 g - a beef jerky
 h - 3 meat rations
 i - a slice of pizza
 l - 2 chunks of flesh


   Skills:
 - Level 3.2 Fighting
 + Level 6.4 Maces & Flails
 - Level 2.1 Armour
 - Level 1.5 Dodging


You had 5 spell levels left.
You didn't know any spells.

Dungeon Overview and Level Annotations

Branches:
Dungeon (4/15)
 Temple: D:4-7

Altars:

Annotations:
D:4 Dowan


Innate Abilities, Weirdness & Mutations

You are resistant to torment.
Your stone body is resilient. (AC +4)
You are immune to poison.
You resist negative energy. (rN+)
You are resistant to electric shocks. (rElec)
You can survive without breathing.
You are immune to petrification.
You are immune to rotting.


Message History

Dowan breathes, "And she was my only..."
Dowan hits you but does no damage.
Okay, then.
Okay, then.
Dowan closely misses you.
Dowan casts a spell.
Dowan blinks!
Dowan mumbles some strange words.
Dowan blinks!
Dowan hits you but does no damage. Dowan hits you with a dagger.
Dowan gestures at you while chanting. The shard of ice hits you!
You partially resist.
* * * LOW HITPOINT WARNING * * *
It was a potion of degeneration.
There was something very wrong with that liquid.
You feel weakened.
You feel dopey.
You feel clumsy. Dowan hits you but does no damage. Dowan casts a spell at you.
The shard of ice hits you! You partially resist.
You die...

#.# #.# #.#####.###( #.##.......
#.##...... #.##.#..# #
##.##.#..# ...
##########........##
.....####......@e.......)/.#
.......<..########.....##.......
.....###..# #........###### ...
#..# #.#.#.#### .#.#####..#
#.#.#.# #........# #.#.#.#
#######.## #.#.#.. # #.# #.#.###
#.#######.# #.#.#


You could see Dowan.

Vanquished Creatures
  Duvessa (D:4)
  3 adders
  An ooze (D:3)
  4 worms
  A dart slug (D:3)
  2 leopard geckos
  6 orcs
  6 giant cockroaches
  7 goblins
  6 hobgoblins
  5 jackals (D:1)
  2 kobolds
  A quokka (D:3)
  3 bats
  5 frilled lizards
  12 rats
65 creatures vanquished.

Notes
Turn   | Place    | Note
-------+----------+-------------------------------------------
     0 | D:1      | PhynixH2O the Gargoyle Berserker began the quest for the Orb.
     0 | D:1      | Reached XP level 1. HP: 14/14 MP: 1/1
    95 | D:1      | Reached XP level 2. HP: 6/19 MP: 2/2
   548 | D:1      | Reached skill level 4 in Maces & Flails
   651 | D:1      | Reached XP level 3. HP: 15/23 MP: 3/3
  1117 | D:2      | Reached ** piety under Trog
  1304 | D:2      | Reached XP level 4. HP: 18/28 MP: 4/4
  1741 | D:3      | Reached skill level 5 in Maces & Flails
  3150 | D:4      | Reached XP level 5. HP: 28/32 MP: 5/5
  3188 | D:4      | Noticed Dowan
  3189 | D:4      | Noticed Duvessa
  3201 | D:4      | Killed Duvessa
  3201 | D:4      | Reached skill level 6 in Maces & Flails
  3202 | D:4      | Reached XP level 6. HP: 30/37 MP: 6/6
  3221 | D:4      | Killed from afar by Dowan

Skill      XL: |  1  2  3  4  5 |
---------------+----------------+-----
Maces & Flails | 4 5 6 |  6.4
Fighting       | |  3.2
Armour         | |  2.1
Dodging        | |  1.5

Action                   |  1- 3 |  4- 6 || total
-------------------------+-------+-------++-------
Melee: Mace              |   162 |   115 ||   277
Invok: Berserk           |     4 |     3 ||     7
  Use: Scroll            |       |     3 ||     3
       Potion            |       |     2 ||     2
 Stab: Sleeping          |       |     1 ||     1
  Eat: Chunk             |     5 |     9 ||    14
Armor: Animal skin       |    50 |     5 ||    55
       Leather armour    |       |    22 ||    22
Dodge: Dodged            |    95 |    50 ||   145
